 Dungeon Crawl Stone Soup version 0.18-b1-10-g3f7de93 (webtiles) character file.

23037 Alarkh the Geomancer (level 12, -14/83 HPs)
             Began as a Mummy Earth Elementalist on Apr 30, 2016.
             Was an Initiate of Gozag.
             Demolished by a komodo dragon (17 damage)
             ... on level 3 of the Lair of Beasts.
             The game lasted 00:37:33 (16604 turns).

Alarkh the Geomancer (Mummy Earth Elementalist)    Turns: 16604, Time: 00:37:34

Health: -14/83     AC:  8    Str: 11    XL:     12   Next: 68%
Magic:  13/34      EV: 13    Int: 22    God:    Gozag
Gold:   1075       SH:  5    Dex: 13    Spells: 5 memorised, 13 levels left

rFire  + . .     SeeInvis .     a - staff of earth
rCold  + + .     Gourm    .     I - +2 robe {rC+ rF+}
rNeg   + + +     Faith    .     m - +0 buckler
rPois  ∞         Spirit   .     k - +2 hat {Int+3}
rElec  .         Dismiss  .     (no cloak)
rCorr  .         Reflect  .     K - +0 pair of gloves
SustAt .         Harm     .     x - +0 pair of boots
MR     +....                    r - amulet of regeneration
Stlth  +.........               o - ring of magical power
                                J - ring of protection from fire

@: gold aura, somewhat resistant to hostile enchantments, very unstealthy
A: no food or potions, fire vulnerability, cold resistance 1, negative energy
resistance 3, torment resistance, unbreathing
a: Potion Petition, Call Merchant, Bribe Branch, Renounce Religion


You were on level 3 of the Lair of Beasts.
You worshipped Gozag.
Gozag was noncommittal.
You were not hungry.

You visited 2 branches of the dungeon, and saw 14 of its levels.
You also visited: Bailey.

You collected 4417 gold pieces.
You spent 756 gold pieces at shops.
You paid 2586 gold pieces to Gozag.

Inventory:

Hand Weapons
 b - a +2 mace of protection
 c - the +8 hand axe of Subjectivity {venom, rN+ Int+5}
   (You found it on level 7 of the Dungeon)

   It poisons the flesh of those it strikes.
   It affects your intelligence (+5).
   It protects you from negative energy.
 q - a +0 quarterstaff
Armour
 k - a +2 hat of intelligence (worn)
 m - a +0 buckler (worn)
 x - a +0 pair of boots (worn)
 I - a +2 robe of resistance (worn)
 K - a +0 pair of gloves (worn)
Magical Staves
 a - an uncursed staff of earth (weapon)
 l - an uncursed staff of energy
Jewellery
 o - a ring of magical power (right hand)
 r - an amulet of regeneration (around neck)
 J - a ring of protection from fire (left hand)
Wands
 s - a wand of polymorph (20/24)
 w - a wand of teleportation (3/9)
 E - a wand of confusion (39/48)
 G - a wand of disintegration (18/24)
Scrolls
 d - 12 scrolls of remove curse
 e - a scroll of amnesia
 f - a scroll of enchant armour
 i - a scroll of teleportation
 y - 2 scrolls of torment
 C - a scroll of recharging
 D - 5 scrolls of magic mapping
 H - 2 scrolls of identify
Miscellaneous
 g - a plain deck of destruction


   Skills:
 - Level 4.0 Fighting
 + Level 7.6 Staves
 - Level 3.4 Armour
 - Level 4.0 Dodging
 - Level 1.5 Stealth
 - Level 3.4 Shields
 - Level 9.0 Spellcasting
 - Level 7.0 Conjurations
 - Level 0.7 Transmutations
 - Level 10.1 Earth Magic
 - Level 3.0 Evocations


You had 13 spell levels left.
You knew the following spells:

 Your Spells              Type           Power        Failure   Level  Hunger
a - Stone Arrow           Conj/Erth      ######       1%          3    N/A
b - Passwall              Trmt/Erth      ######....   1%          2    N/A
c - Olgreb's Toxic Radia  Pois           #.......     78%         4    N/A
d - Poisonous Cloud       Conj/Pois/Air  ##........   100%        6    N/A
e - Sandblast             Erth           ######       1%          1    N/A

Dungeon Overview and Level Annotations

Branches:
Dungeon (10/15)            Temple (0/1) D:7            Lair (4/8) D:10
    Orc (0/2) D:10
  Swamp: Lair:3-6    Shoals: Lair:3-6     Snake: Lair:3-6    Spider: Lair:3-6

Altars:
Ashenzari
Cheibriados
Dithmenos
Elyvilon
Gozag
Kikubaaqudgha
Makhleb
Okawaru
Pakellas
Vehumet
Xom
Yredelemnul
Zin
Beogh

Shops:
D:4 %   D:8 (   Lair:2 [*

Annotations:
D:8 1 exclusion
Lair:4 Harold


Innate Abilities, Weirdness & Mutations

You do not eat or drink.
Your flesh is vulnerable to fire.
You are immune to poison.
Your flesh is cold resistant.
You are immune to negative energy.
You are immune to unholy pain and torment.
You can survive without breathing.


Message History

Casting: Stone Arrow
Confirm with . or Enter, or press ? or * to list all spells.
Aiming: Stone Arrow
Press: ? - help, Shift-Dir - straight line, f/p - komodo dragon
Aim: a komodo dragon (severely wounded)
You feel a surge of power!
The stone arrow hits the komodo dragon.
The komodo dragon is almost dead.
The yak gores you!
* * * LOW HITPOINT WARNING * * *
The komodo dragon bites you!!
* * * LOW HITPOINT WARNING * * *
Read which item? (? for menu, Esc to quit)
Okay, then.
Read which item? (? for menu, Esc to quit)
Okay, then.
You enter the shallow water.
Moving in this stuff is going to be slow.
The komodo dragon bites you!
You die...
Your body crumbles into a pile of gold.

..##...#.##..###+..#.#.......##
.........#..#.##.#.##.........#
..#...#..##..##.≈..≈......###.#
..#.>.##.###....≈≈≈≈≈.≈P.## ###
..........#....≈≈≈≈≈≈≈≈..#
#.####.......≈≈≈≈≈≈≈≈≈≈≈.## ###
#........≈≈≈$.≈≈≈≈..P##
#####...P.≈≈≈≈≈...#
##..###......≈≈≈@l..≈≈≈...##
.#........#.#.≈≈≈Y≈≈≈≈≈≈..###
.#.......#.....≈≈≈≈≈≈≈......##
.........P......≈≈≈≈≈≈.......#
.................≈≈.....P....#
............##......#...######
..#.#.........#.........#
#####........##..#..##P.#
###.......#.....##..#


You could see a komodo dragon and a yak.

Vanquished Creatures
  2 orc warlords
  A hydra (D:9)
  An orc knight (D:7)
  The ghost of feelmyfire the Covered, a novice MiFi of Okawaru (D:5)
  4 elephants (Lair:3)
  3 spiny frogs
  A komodo dragon (Lair:1)
  2 trolls (D:9)
  Prince Ribbit (D:9)
  Sigmund (D:2)
  26 yaks
  A human (D:10)
  A basilisk (Lair:2)
  6 hippogriffs
  14 wargs (D:7)
  9 water moccasins
  4 porcupines
  2 sky beasts
  14 orc warriors
  A wasp (D:7)
  A black bear (D:10)
  An ice beast (D:6)
  3 phantoms
  The ghost of skk the Insei, an amateur DsMo (D:3)
  An eye of draining (D:9)
  3 ogres
  4 wolves (Lair:3)
  7 crocodiles
  6 big kobolds (D:8)
  3 centaurs
  7 giant frogs
  5 scorpions
  19 wights
  5 killer bees (D:10)
  A howler monkey (D:6)
  4 jellies
  5 crimson imps
  2 giant frog zombies
  5 hounds
  A giant frog skeleton (D:5)
  11 orc wizards
  A gnoll shaman (D:4)
  4 orc priests
  5 iguanas
  Jessica (D:2)
  A centaur skeleton (D:7)
  Natasha (thrice) (D:2)
  2 hell rats (D:6)
  10 worker ants
  8 sheep
  3 hound skeletons
  A worker ant zombie (D:8)
  9 gnolls
  20 adders
  45 river rats
  5 shadow imps
  2 oozes
  An adder zombie (D:5)
  An adder skeleton (D:8)
  2 worms
  2 giant geckos
  89 orcs
  2 ball pythons
  2 giant cockroaches
  12 goblins
  6 hobgoblins
  18 jackals
  2 quokkas
  14 bats
  A giant cockroach zombie (D:5)
  3 giant newts
  A jackal zombie (D:8)
  27 kobolds
  28 rats
  A spectral orc (D:9)
  4 fungi
  4 plants
530 creatures vanquished.

Vanquished Creatures (others)
  4 fungi (D:10)
  5 plants
9 creatures vanquished.

Grand Total: 539 creatures vanquished

Notes
Turn   | Place    | Note
--------------------------------------------------------------
     0 | D:1      | Alarkh the Mummy Earth Elementalist began the quest for the Orb.
     0 | D:1      | Reached XP level 1. HP: 13/13 MP: 3/3
   513 | D:1      | Reached XP level 2. HP: 19/19 MP: 3/5
   617 | D:1      | Learned a level 2 spell: Passwall
   848 | D:2      | Found an ancient bone altar of Kikubaaqudgha.
   852 | D:2      | Reached skill level 3 in Earth Magic
   852 | D:2      | Reached XP level 3. HP: 15/24 MP: 4/7
   857 | D:2      | Learned a level 3 spell: Stone Arrow
  1071 | D:2      | Noticed Sigmund
  1173 | D:2      | Noticed Jessica
  1197 | D:2      | Killed Sigmund
  1197 | D:2      | Reached skill level 4 in Earth Magic
  1197 | D:2      | Reached XP level 4. HP: 24/30 MP: 3/10
  1197 | D:2      | Reached XP level 5. HP: 28/35 MP: 3/11
  1199 | D:2      | Killed Jessica
  1384 | D:2      | Noticed Natasha
  1391 | D:2      | Killed Natasha
  1562 | D:2      | Noticed Natasha
  1567 | D:2      | Killed Natasha
  1567 | D:2      | Reached skill level 1 in Conjurations
  1567 | D:2      | Reached XP level 6. HP: 41/41 MP: 9/12
  1895 | D:2      | Found an ancient bone altar of Kikubaaqudgha.
  1942 | D:2      | Noticed Natasha
  1948 | D:2      | Killed Natasha
  1964 | D:3      | Found a white marble altar of Elyvilon.
  1964 | D:3      | Noticed skk's ghost (amateur DsMo)
  2399 | D:4      | Found Bauchowa's Food Emporium.
  2850 | D:4      | Found a shimmering altar of Xom.
  3022 | D:4      | Reached XP level 7. HP: 45/46 MP: 0/14
  3089 | D:4      | Found an oddly glowing altar of Pakellas.
  3090 | D:4      | Found an iron altar of Okawaru.
  3111 | D:4      | Found a burning altar of Makhleb.
  3111 | D:4      | Noticed a blizzard demon
  3124 | D:4      | Found a glowing silver altar of Zin.
  3124 | D:4      | Noticed an angel
  3230 | D:4      | Found a snail-covered altar of Cheibriados.
  3338 | D:5      | Entered Level 5 of the Dungeon
  3559 | D:5      | Noticed feelmyfire's ghost (novice MiFi)
  3583 | D:6      | Found a shadowy altar of Dithmenos.
  3593 | D:6      | Reached skill level 5 in Spellcasting
  3774 | D:6      | Reached skill level 5 in Earth Magic
  4075 | D:6      | Found an opulent altar of Gozag.
  4084 | D:6      | Became a worshipper of Gozag Ym Sagoz the Greedy
  4422 | D:5      | Reached XP level 8. HP: 39/52 MP: 0/16
  5306 | D:5      | Reached skill level 6 in Earth Magic
  5815 | D:5      | Killed feelmyfire's ghost
  6416 | D:3      | Killed skk's ghost
  6416 | D:3      | Reached XP level 9. HP: 30/57 MP: 1/19
  6785 | D:6      | Found a radiant altar of Vehumet.
  6928 | D:6      | Reached skill level 5 in Conjurations
  7848 | D:7      | Reached skill level 7 in Earth Magic
  7976 | D:7      | Got a dazzling hand axe
  7977 | D:7      | Identified the +8 hand axe of Subjectivity {venom, rN+ Int+5} (You found it on level 7 of the Dungeon)
  8160 | D:8      | Found Viroz's Weapon Shop.
  8244 | D:8      | Found a flagged portal.
  8310 | Bailey   | Entered a bailey
  8315 | Bailey   | Noticed an orc warlord
  8572 | Bailey   | Found a runed gate.
  8573 | Bailey   | Found a runed gate.
  8575 | Bailey   | Found a runed gate.
  8807 | Bailey   | Learned a level 4 spell: Olgreb's Toxic Radiance
  8814 | Bailey   | Learned a level 6 spell: Poisonous Cloud
  8844 | Bailey   | Killed an orc warlord
  8844 | Bailey   | Reached skill level 8 in Earth Magic
  8844 | Bailey   | Reached XP level 10. HP: 25/63 MP: 1/22
  8885 | Bailey   | Got an ebony hunting sling
  9561 | D:9      | Reached skill level 1 in Staves
  9978 | D:9      | Found a shattered altar of Ashenzari.
 10088 | D:9      | Noticed an eight-headed hydra
 10095 | D:9      | Killed an eight-headed hydra
 10095 | D:9      | Reached skill level 1 in Fighting
 10095 | D:9      | Reached skill level 1 in Armour
 10095 | D:9      | Reached skill level 1 in Shields
 10095 | D:9      | Reached skill level 1 in Evocations
 10195 | D:9      | Reached XP level 11. HP: 71/71 MP: 15/24
 10429 | D:9      | Found a basalt altar of Yredelemnul.
 10495 | D:9      | Reached skill level 9 in Earth Magic
 10816 | D:9      | Noticed Prince Ribbit
 10820 | D:9      | Killed Prince Ribbit
 11019 | D:10     | Entered Level 10 of the Dungeon
 11392 | D:9      | Identified the +9 hunting sling "Pirubeass" {freeze, rC+ Str+2} (You found it in a bailey)
 11593 | D:7      | Found a staircase to the Ecumenical Temple.
 11890 | D:7      | Noticed an orc warlord
 12152 | D:7      | Killed an orc warlord
 12658 | D:7      | Noticed an orc knight
 12675 | D:7      | Killed an orc knight
 13251 | D:10     | Found a roughly hewn altar of Beogh.
 13251 | D:10     | Found a staircase to the Orcish Mines.
 13481 | D:10     | Found a staircase to the Lair.
 13889 | D:10     | Reached XP level 12. HP: 72/81 MP: 25/25
 14107 | Lair:1   | Entered Level 1 of the Lair of Beasts
 14141 | Lair:2   | Bought a citrine-encrusted ring mail for 261 gold pieces
 14141 | Lair:2   | Bought a creamy pearl robe for 165 gold pieces
 14151 | Lair:2   | Identified the +0 ring mail "Gyuserue" {rElec rPois} (You bought it in a shop on level 2 of the Lair of Beasts)
 14161 | Lair:2   | Identified the +0 robe of the First Snow {MR+ Int+2 Stlth+} (You bought it in a shop on level 2 of the Lair of Beasts)
 14176 | Lair:2   | Bought a wand of disintegration (18/24) for 330 gold pieces
 14574 | Lair:1   | Reached skill level 5 in Staves
 14830 | Lair:1   | Reached skill level 10 in Earth Magic
 14942 | Lair:1   | Got a crystal mace
 14943 | Lair:1   | Identified the cursed +1 mace "Zimakai" {drain, +Blink rElec rF+ Str-4} (You found it on level 1 of the Lair of Beasts)
 15742 | Lair:3   | Identified a scroll of acquirement
 16434 | Lair:4   | Noticed Harold
 16480 | Lair:4   | Noticed a death yak
 16482 | Lair:4   | Noticed a death yak
 16602 | Lair:3   | HP: 1/83 [komodo dragon (23)]
 16604 | Lair:3   | Demolished by a komodo dragon

Skill      XL: |  1  2  3  4  5  6  7  8  9 10 11 12 |
---------------+-------------------------------------+-----
Earth Magic    | 3 4 5 6 8 9 10 | 10.1
Spellcasting   | 4 5 6 8 9 |  9.0
Conjurations   | 1 2 3 4 6 7 |  7.0
Staves         | 2 4 7 |  7.6
Fighting       | 1 3 4 |  4.0
Armour         | 1 2 3 |  3.4
Dodging        | 2 3 4 |  4.0
Shields        | 1 2 3 |  3.4
Evocations     | 1 2 3 |  3.0
Stealth        | |  1.5
Transmutations | |  0.7

Action                   |  1- 3 |  4- 6 |  7- 9 | 10-12 || total
-------------------------+-------+-------+-------+-------++-------
Melee: Dagger            |    12 |       |    39 |       ||    51
       Mace              |       |     3 |    97 |       ||   100
       Hand axe          |       |       |    52 |   384 ||   436
       Staff             |       |       |       |    44 ||    44
 Cast: Sandblast         |    41 |   101 |    42 |       ||   184
       Stone Arrow       |       |     1 |   267 |   357 ||   625
Invok: Potion Petition   |       |       |     1 |     3 ||     4
       Call Merchant     |       |       |       |     2 ||     2
Evoke: Wand              |       |       |       |     1 ||     1
  Use: Scroll            |     3 |     2 |     6 |    13 ||    24
 Stab: Distracted        |       |       |     2 |     2 ||     4
       Sleeping          |       |       |       |     6 ||     6
       Invisible         |       |       |       |     3 ||     3
Armor: Robe              |     9 |    24 |   133 |   148 ||   314
Dodge: Dodged            |    24 |    46 |   225 |   337 ||   632
Block: Buckler           |       |       |       |    89 ||    89
